 Dungeon Crawl Stone Soup version 0.25.0-11-g1f837a76a1 (webtiles) character file.

Game seed: 1255941939650692021

(classic levelgen) 497 EnegeticOcto the Chopper (level 6, -1/57 HPs)
             Began as a Deep Dwarf Fighter on June 27, 2020.
             Slain by an earth elemental (28 damage)
             ... created by the adversity of Qazlal
             ... on level 5 of the Dungeon.
             The game lasted 00:01:56 (1180 turns).

EnegeticOcto the Chopper (Deep Dwarf Fighter)       Turns: 1180, Time: 00:01:56

Health: -1/57      AC:  7    Str: 21    XL:     6   Next: 93%
Magic:  3/3        EV:  7    Int:  9    God:
Gold:   126        SH: 10    Dex: 12    Spells: 5/5 levels left

rFire    . . .     SeeInvis .   a - +0 war axe
rCold    . . .     Gourm    .   c - +0 kite shield
rNeg     . . .     Faith    .   b - +0 scale mail
rPois    .         Spirit   .   (no helmet)
rElec    x         Reflect  .   (no cloak)
rCorr    .         Harm     .   (no gloves)
MR       .....                  (no boots)
Stlth    ..........             (no amulet)
HPRegen  0.00/turn              (no ring)
MPRegen  0.08/turn              (no ring)

@: mighty, engulfed (cannot breathe), non-regenerating
A: damage resistance, heal wounds, sense surroundings 1, [electricity
vulnerability], no regeneration
a: Heal Wounds


You were on level 5 of the Dungeon.
You were not hungry.

You visited 1 branch of the dungeon, and saw 5 of its levels.

You collected 126 gold pieces.

Inventory:

Hand Weapons
 a - a +0 war axe (weapon)
Armour
 b - a +0 scale mail (worn)
 c - a +0 kite shield (worn)
Scrolls
 g - a scroll of random uselessness {unknown}
 h - 4 scrolls of identify {unknown}
 l - a scroll of magic mapping {unknown}
 m - 2 scrolls of teleportation {unknown}
 n - a scroll of enchant weapon {unknown}
Potions
 i - a potion of haste {unknown}
 j - 2 potions of heal wounds {unknown}
 k - a potion of magic {unknown}
Comestibles
 e - 3 rations
 f - 3 chunks of flesh


   Skills:
 + Level 4.0 Fighting
 * Level 5.4 Axes
 + Level 4.8 Armour
 + Level 4.8 Shields


You had 5 spell levels left.
You didn't know any spells.
Your spell library was empty.

Dungeon Overview and Level Annotations

Branches:
Dungeon (5/15)
 Temple: D:4-7

Altars:
Hepliaklqana
Makhleb
Qazlal


Innate Abilities, Weirdness & Mutations

You are resistant to damage.
You can heal yourself by infusing magical energy.
You passively map a small area around you.
You do not regenerate.
[You are vulnerable to electric shocks.]


Message History

An earth elemental and a water elemental come into view.
You hit the earth elemental but do no damage.
You hit the earth elemental.
The earth elemental is lightly damaged.
You hit the earth elemental.
The earth elemental is moderately damaged.
You hit the water elemental. You block the water elemental's attack.
The earth elemental completely misses you.
Your shield prevents you from hitting the earth elemental.
The earth elemental is moderately damaged.
You hit the water elemental but do no damage.
The water elemental hits you.
The water elemental engulfs you in water!
The earth elemental hits you! The water elemental hits you!
You are too injured to fight recklessly!
You are too injured to fight recklessly!
You are too injured to fight recklessly!
You are too injured to fight recklessly!
You are too injured to fight recklessly!
You are too injured to fight recklessly!
You are too injured to fight recklessly!
Your magical essence is drained by the effort!
You feel much better.
Your lungs strain for air!
The earth elemental hits you! You block the water elemental's attack.
You slip free of the water engulfing you.
You gasp with relief as air once again reaches your lungs.
The water elemental hits you.
The water elemental engulfs you in water!
You feel much better.
Your lungs strain for air!
You block the water elemental's attack.
You hit the water elemental.
The water elemental is lightly damaged.
You barely miss the earth elemental.
Your lungs strain for air!
The water elemental hits you! You block the earth elemental's attack.
You barely miss the water elemental.
The water elemental is lightly damaged.
You hit the earth elemental but do no damage.
Your lungs strain for air!
The water elemental closely misses you.
You feel much better.
Your lungs strain for air!
The water elemental hits you!
The earth elemental completely misses you.
You slash the water elemental!
The water elemental is moderately damaged.
You hit the earth elemental.
Your lungs strain for air!
The water elemental hits you!
* * * LOW HITPOINT WARNING * * *
You block the earth elemental's attack. You block the water elemental's attack.
Your magical essence is drained by the effort!
You feel much better.
Your lungs strain for air!
You block the water elemental's attack.
You barely miss the water elemental.
The water elemental is moderately damaged.
You hit the earth elemental.
Your lungs strain for air!
The earth elemental hits you but does no damage.
The water elemental hits you!
* * * LOW HITPOINT WARNING * * *
You feel much better.
Your lungs strain for air!
You block the water elemental's attack. The earth elemental hits you!
* * * LOW HITPOINT WARNING * * *
You feel much better.
Your lungs strain for air!
The water elemental hits you!!
* * * LOW HITPOINT WARNING * * *
Unknown command.
You feel much better.
Your lungs strain for air!
You block the water elemental's attack. The earth elemental hits you!
* * * LOW HITPOINT WARNING * * *
Some of the chunks of flesh in your inventory have rotted away.
You feel much better.
Your lungs strain for air!
You block the water elemental's attack. The earth elemental barely misses you.
You feel much better.
Your lungs strain for air!
The water elemental closely misses you.
You feel much better.
Your lungs strain for air!
You block the water elemental's attack.
The earth elemental hits you but does no damage.
You cannot read scrolls while unable to breathe!
Unknown command.
Really quaff
d - a potion of might {@q3 !q}?
You feel very mighty all of a sudden.
Your lungs strain for air!
The water elemental hits you.
You hit the water elemental.
The water elemental is heavily damaged.
You hit the earth elemental.
Your lungs strain for air!
The water elemental barely misses you. The earth elemental hits you!!
You die...

, *, , , ,
*, * * * , *
###########
#@E.......#
**
#E#######.#
,*#....# #.#
*####.####.#
#####.<.)..#
#.....######
#.##### , ,


You could see an earth elemental and a water elemental.

Vanquished Creatures
  A necrophage (D:4)
  An ogre (D:3)
  A centaur (D:4)
  A scorpion (D:4)
  An orc priest (D:4)
  An iguana (D:4)
  2 orc wizards
  6 adders
  An ooze (D:3)
  3 worms
  5 orcs (D:4)
  3 giant cockroaches
  3 goblins
  A hobgoblin (D:3)
  A jackal (D:4)
  4 kobolds
  A quokka (D:3)
  A bat (D:3)
  2 rats
39 creatures vanquished.

Notes
Turn   | Place    | Note
-------+----------+-------------------------------------------
     0 | D:1      | EnegeticOcto the Deep Dwarf Fighter began the quest for the
                  | Orb.
     0 | D:1      | Reached XP level 1. HP: 20/20 MP: 1/1
    91 | D:3      | Reached XP level 2. HP: 27/27 MP: 2/2
   146 | D:3      | Reached skill level 3 in Axes
   183 | D:4      | Reached XP level 3. HP: 24/33 MP: 3/3
   192 | D:4      | Noticed a necrophage
   193 | D:4      | Noticed a centaur
   204 | D:4      | Killed a centaur
   204 | D:4      | Reached skill level 3 in Fighting
   204 | D:4      | Reached XP level 4. HP: 40/42 MP: 4/4
   208 | D:4      | Killed a necrophage
   208 | D:4      | Reached skill level 4 in Axes
   208 | D:4      | Reached skill level 4 in Armour
   208 | D:4      | Reached skill level 4 in Shields
   208 | D:4      | Reached XP level 5. HP: 44/49 MP: 5/5
   314 | D:4      | Found a stormy altar of Qazlal.
   346 | D:4      | Became a worshipper of Qazlal Stormbringer
   347 | D:4      | Fell from the grace of Qazlal
   506 | D:3      | Noticed an ogre
   513 | D:3      | Your magical essence is drained by the effort!
   516 | D:3      | Killed an ogre
   516 | D:3      | Reached XP level 6. HP: 56/57 MP: 5/5
   624 | D:3      | Found a hazy altar of Hepliaklqana.
   705 | D:4      | Reached skill level 5 in Axes
   981 | D:4      | Reached skill level 4 in Fighting
  1009 | D:4      | Found a burning altar of Makhleb.
  1140 | D:5      | Entered Level 5 of the Dungeon
  1160 | D:5      | Noticed a water elemental
  1164 | D:5      | Your magical essence is drained by the effort!
  1171 | D:5      | Your magical essence is drained by the effort!
  1180 | D:5      | Slain by an earth elemental

Illustrated notes

Levels and vault maps discovered:
D:1:      lemuel_arrival_cross, layout_basic, evilmike_ruin_ashenzari
D:2:      layout_basic, overflow_temple_1_default, okawaru_metal_pillars_1_2
D:3:      layout_rooms, lemuel_coloured_pillars_altar, first_ration
D:4:      layout_loops_ring, grunt_qazlal_sundering, kennysheep_mini_moat
D:5:      layout_basic, marbit_many_paths, minmay_temple_entry_drinking_statues,
          serial_shops, shop_fountains, trog_butcher_becter

Skill      XL: |  1  2  3  4  5  6 |
---------------+-------------------+-----
Axes           | 3 4 5 |  5.4
Fighting       | 3 4 |  4.0
Armour         | 4 |  4.8
Shields        | 4 |  4.8

Action                   |  1- 3 |  4- 6 || total
-------------------------+-------+-------++-------
Melee: War axe           |    59 |   111 ||   170
Invok: Renounce Religion |       |     1 ||     1
 Abil: Heal Wounds       |     2 |    13 ||    15
  Use: Potion            |       |     1 ||     1
  Eat: Chunk             |       |     1 ||     1
Armor: Scale mail        |    25 |    46 ||    71
Dodge: Dodged            |    19 |    34 ||    53
Block: Kite shield       |    34 |    63 ||    97
